 Dungeon Crawl Stone Soup version 0.28-a0-983-g1de4e0787c (webtiles) character file.

Game seed: 5600769465402221020

1722 croobank the Sneak (level 9, 0/61 HPs)
             Began as an Octopode Monk on Dec 2, 2021.
             Slain by a sky beast (6 damage)
             ... on level 7 of the Dungeon.
             The game lasted 00:41:21 (5716 turns).

croobank the Sneak (Octopode Monk)                  Turns: 5716, Time: 00:41:22

Health: 0/61       AC:  3    Str: 14    XL:     9   Next: 4%
Magic:  9/9        EV: 15    Int: 12    God:
Gold:   348        SH:  5    Dex: 15    Spells: 8/8 levels left

rFire   + . .      SeeInvis .   C - +4 dagger of the Twisting Dragonfly {protect, rPois rC+}
rCold   + . .      Faith    .   d - +0 buckler
rNeg    . . .      Spirit   .   (helmet restricted)
rPois   +          Reflect  .   (no amulet)
rElec   .          Harm     .   e - ring of fire
rCorr   .          Rampage  .   l - ring of wizardry
Will    .....                   u - ring of protection from cold
Stlth   +++++.....              (no ring)
HPRegen 0.20/turn               (no ring)
MPRegen 0.11/turn               (no ring)
                                (no ring)
                                (no ring)

@: on berserk cooldown, hasted and slowed, unable to read
A: almost no armour, amphibious, 8 rings, camouflage 1, gelatinous body 1,
(nimble swimmer 1), tentacles, iridescent scales 1, inability to read while
threatened
a: no special abilities


You were on level 7 of the Dungeon.
You visited 1 branch of the dungeon, and saw 7 of its levels.

You collected 348 gold pieces.

Inventory:

Hand Weapons
 a - a +1 hand axe
 b - a +0 hunting sling
 g - a +0 dagger of venom
 k - a +2 dagger of venom
 n - a +1 mace of protection
 o - a +0 spear
 s - a +0 morningstar
 t - a +1 flail of draining
 y - a +0 long sword
 C - the +4 dagger of the Twisting Dragonfly (weapon) {protect, rPois rC+}
   (You found it on level 6 of the Dungeon)

   It grants its wielder temporary protection when it strikes (+7 to AC).
   rC:        It protects you from cold.
   rPois:     It protects you from poison.
Missiles
 f - 127 stones
 j - 19 bolts
 m - 44 sling bullets
 q - 11 arrows
 w - 13 poisoned darts (quivered)
Armour
 c - a +0 kite shield
 d - a +0 buckler (worn)
Magical Staves
 h - a staff of fire
Jewellery
 e - a ring of fire (left tentacle)
 l - a ring of wizardry (right tentacle)
 u - a ring of protection from cold (on tentacle)
Scrolls
 p - a scroll of fog
 v - a scroll of magic mapping
 D - a scroll of teleportation
Potions
 i - a potion of mutation
 r - a potion of lignification
 z - a potion of flight


   Skills:
 + Level 5.1 Fighting
 + Level 1.1 Short Blades
 + Level 7.1 Axes
 + Level 0.2(0.6) Slings
 + Level 1.0(1.1) Throwing
 + Level 4.8 Dodging
 + Level 7.2 Stealth
 * Level 4.8 Shields


You had 8 spell levels left.
You didn't know any spells.
Your spell library contained the following spells:

 Spells                   Type           Power      Damage    Failure   Level
 Ensorcelled Hibernation  Hex/Ice        0%         N/A       21%         2
 Static Discharge         Conj/Air       0%         N/A       21%         2
 Spider Form              Tmut/Pois      0%         N/A       36%         3
 Lightning Bolt           Conj/Air       0%         1d11      97%         5
 Maxwell's Capacitive Co  Air            0%         ∞         100%        8


Dungeon Overview and Level Annotations

Branches:
Dungeon (7/15)
 Temple: D:4-7

Altars:

Shops:
D:2 !   D:5 :   D:6 (

Annotations:
D:4 3 runed translucent doors, enile's ghost, novice GnCA


Innate Abilities, Weirdness & Mutations

You cannot wear most types of armour.
You are amphibious.
You can wear up to eight rings at the same time.
Your skin changes colour to match your surroundings (Stealth+).
Your rubbery body absorbs attacks. (AC +1, EV +1)
((You are camouflaged near water. (Stealth+)))
You have tentacles for arms and can constrict up to eight enemies at once.
You are partially covered in iridescent scales. (AC +2)
You sometimes lose the ability to read scrolls when taking damage.


Message History

* * * LOW HITPOINT WARNING * * *
Your Short Blades skill increases to level 1!
You have reached level 9!
Your experience leads to an increase in your attributes!
Increase (S)trength, (I)ntelligence, or (D)exterity?
You feel stronger. x2
You hit the howler monkey skeleton. You grab the howler monkey skeleton.
You squeeze the howler monkey skeleton.
The howler monkey skeleton is moderately damaged.
You constrict the howler monkey skeleton.
Something hits you but does no damage. The howler monkey skeleton misses you.
A sky beast appears from thin air!
Reactivating autopickup.
The sky beast hits you.
* * * LOW HITPOINT WARNING * * *
The sky beast shocks you.
* * * LOW HITPOINT WARNING * * *
You hit the sky beast.
The sky beast is lightly wounded.
You constrict the howler monkey skeleton.
The howler monkey skeleton hits you but does no damage.
The sky beast hits you but does no damage.
The howler monkey skeleton hits you but does no damage.
You feel better.
You constrict the howler monkey skeleton.
The sky beast closely misses you. The howler monkey skeleton hits you.
* * * LOW HITPOINT WARNING * * *
The sky beast hits you but does no damage.
It was a potion of haste.
You feel yourself speed up.
You constrict the howler monkey skeleton.
You destroy the howler monkey skeleton!
The sky beast barely misses you.
You miss the sky beast.
The sky beast hits you but does no damage.
Found a long sword.
You see here a +0 short sword.
The sky beast hits you.
* * * LOW HITPOINT WARNING * * *
The sky beast shocks you.
You die...

..###
...[.##
......(##
........##
.........#
#......(##
#.......#
#...@))#
###...Y.#
........<#
..###....!#
#......#
#.......#
........##
).......#
......#


You could see a sky beast.

Vanquished Creatures
  2 water moccasins
  4 black bears
  A sky beast (D:5)
  An ogre (D:5)
  A necrophage (D:5)
  A centaur (D:7)
  A gnoll sergeant (D:7)
  A scorpion (D:6)
  3 howler monkeys
  A bullfrog zombie (D:5)
  2 hounds
  A centaur zombie (D:5)
  An orc priest (D:6)
  2 bullfrog skeletons (D:5)
  An iguana (D:5)
  2 orc wizards (D:6)
  A killer bee zombie (D:6)
  2 hound skeletons
  A howler monkey zombie (D:5)
  Robin (D:2)
  3 adders
  7 gnolls (D:5)
  A howler monkey skeleton (D:7)
  A white imp (D:5)
  An ufetubus (D:5)
  2 adder skeletons
  A worm (D:2)
  14 orcs
  10 endoplasms
  7 giant cockroaches
  23 goblins
  5 hobgoblins
  5 jackals
  A kobold (D:2)
  3 quokkas
  4 ball pythons
  A bat (D:3)
  5 frilled lizards (D:1)
  6 rats
130 creatures vanquished.

Vanquished Creatures (others)
  7 plants (D:2)
7 creatures vanquished.

Grand Total: 137 creatures vanquished

Notes
Turn   | Place    | Note
-------+----------+-------------------------------------------
     0 | D:1      | croobank the Octopode Monk began the quest for the Orb.
     0 | D:1      | Reached XP level 1. HP: 16/16 MP: 1/1
   165 | D:1      | Reached XP level 2. HP: 21/21 MP: 2/2
   686 | D:1      | Reached skill level 1 in Shields
   825 | D:1      | Reached XP level 3. HP: 26/26 MP: 3/3
   826 | D:1      | Found a faded altar of an unknown god.
  1105 | D:2      | Noticed Robin
  1111 | D:2      | Killed Robin
  1302 | D:2      | Found Xiloupt's Distillery.
  1337 | D:2      | Reached XP level 4. HP: 28/31 MP: 4/4
  1800 | D:2      | Gained mutation: You are partially covered in iridescent
                  | scales. (AC +2) [potion of mutation]
  1800 | D:2      | Gained mutation: You sometimes lose the ability to read
                  | scrolls when taking damage. [potion of mutation]
  2228 | D:3      | Upgraded the game from 0.28-a0-973-ga7f8b01127 to
                  | 0.28-a0-983-g1de4e0787c
  3005 | D:4      | Reached XP level 5. HP: 30/36 MP: 5/5
  3167 | D:4      | Noticed enile's ghost (novice GnCA)
  3178 | D:4      | Found a runed translucent gate.
  3178 | D:4      | Found a runed translucent gate.
  3179 | D:4      | Found a runed translucent gate.
  3699 | D:5      | Entered Level 5 of the Dungeon
  3706 | D:5      | Reached skill level 5 in Stealth
  3748 | D:5      | Reached XP level 6. HP: 30/42 MP: 6/6
  3748 | D:5      | Noticed a black bear
  3756 | D:5      | Noticed a water moccasin
  3775 | D:5      | Killed a water moccasin
  4054 | D:5      | Noticed a black bear
  4064 | D:5      | Killed a black bear
  4065 | D:5      | Reached XP level 7. HP: 29/47 MP: 7/7
  4192 | D:5      | Found Gamasois's Book Shop.
  4207 | D:5      | Reached skill level 5 in Axes
  4470 | D:5      | Reached XP level 8. HP: 31/54 MP: 8/8
  5191 | D:6      | Found Reiroreh's Weapon Shop.
  5204 | D:6      | Identified the +4 dagger of the Twisting Dragonfly
                  | {protect, rPois rC+}
  5213 | D:6      | Reached skill level 1 in Throwing
  5701 | D:7      | Reached skill level 5 in Fighting
  5710 | D:7      | Reached skill level 1 in Short Blades
  5710 | D:7      | Reached XP level 9. HP: 10/61 MP: 9/9
  5716 | D:7      | Slain by a sky beast

Illustrated notes

Levels and vault maps discovered:
D:1:      dpeg_arrival_circle_labyrinth_b, layout_basic,
          hellmonk_ecumenical_altar_heavens_door
D:2:      layout_loops_corners, serial_shops, shop, minmay_misc_feat_nine_boxes,
          serial_bayou_lagoon_a, minmay_randomly_rotated_circles, uniq_robin
D:3:      layout_rooms, chequers_serial_rivers_large_a,
          chequers_serial_rivers_room_a
D:4:      layout_basic, gammafunk_ghost_split
D:5:      layout_rooms, kennysheep_diamond, hangedman_decor_points,
          minmay_misc_feat_five
D:6:      layout_gridville, serial_shops, nicolae_shop_stone
D:7:      minmay_s_stair_smasher, layout_loops_corners, temple_hall,
          enter_bailey_3, serial_shops, nicolae_shop_trees, nicolae_shop_stone,
          shop_fountains, shop_fountains

Skill      XL: |  1  2  3  4  5  6  7  8 |
---------------+-------------------------+-----
Stealth        | 3 4 5 6 7 |  7.2
Shields        | 1 2 3 4 |  4.8
Axes           | 4 5 7 |  7.1
Fighting       | 4 5 |  5.1
Dodging        | 4 |  4.8
Throwing       | 1 |  1.0
Short Blades   | 1 |  1.1
Slings         | |  0.2

Action                   |  1- 3 |  4- 6 |  7- 9 || total
-------------------------+-------+-------+-------++-------
Melee: Hand axe          |    55 |   124 |   101 ||   280
       Tentacles         |    14 |    35 |    34 ||    83
       Constrict         |    11 |    33 |    30 ||    74
       Dagger            |       |       |    36 ||    36
 Fire: Hunting sling     |       |       |     2 ||     2
Throw: Dart              |       |       |     6 ||     6
       Stone             |       |       |     1 ||     1
  Use: Scroll            |     1 |     5 |     4 ||    10
       Potion            |       |     7 |     6 ||    13
 Stab: Sleeping          |     9 |    15 |     3 ||    27
Armor: Skin              |     4 |    20 |    40 ||    64
Dodge: Dodged            |    22 |    94 |    98 ||   214
Block: Buckler           |       |       |    22 ||    22

Table legend: (Time is in decaauts)
 A = Elapsed time spent in this place.
 B = Non-inter-level travel time spent in this place.
 C = Inter-level travel time spent in this place.
 D = Time resting spent in this place.
 E = Time spent auto-exploring this place.
 F = Levels seen in this place.
 G = Mean time per level.
                   A        B        C        D        E       F      G
               +--------+--------+--------+--------+--------+-----+--------+
         Total |   5730 |   5604 |    126 |   1021 |   3324 |   7 |  818.6 |
       Dungeon |   5730 |   5604 |    126 |   1021 |   3324 |   7 |  818.6 |
               +--------+--------+--------+--------+--------+-----+--------+

Top non-repeatable levels by time:
     D:5: 1198 daAuts
     D:2: 1174 daAuts
     D:1: 1062 daAuts
     D:6: 789 daAuts
     D:3: 740 daAuts
     D:4: 736 daAuts
     D:7: 27 daAuts
